 Dungeon Crawl Stone Soup version 0.29.1-12-g30fa7ad0bf (webtiles) character file.

Game seed: 10974421400565380498

95 mopl the Sneak (level 4, -1/29 HPs)
             Began as an Octopode Brigand on Dec 29, 2022.
             Slain by a gnoll
             ... wielding a +0 spear
              (7 damage)
             ... on level 2 of the Dungeon.
             The game lasted 00:01:38 (1308 turns).

mopl the Sneak (Octopode Brigand)                   Turns: 1308, Time: 00:01:39

Health: -1/29      AC:  1    Str: 10    XL:     4   Next: 66%
Magic:  4/4        EV: 17    Int: 15    God:
Gold:   66         SH:  0    Dex: 13    Spells: 3/3 levels left

rFire   . . .      SeeInvis .   a - +2 dagger
rCold   . . .      Faith    .   (no shield)
rNeg    . . .      Spirit   .   (helmet restricted)
rPois   .          Reflect  .   (no amulet)
rElec   .          Harm     .   i - +4 ring of evasion
rCorr   .          Rampage  .   (no ring)
Will    .....                   (no ring)
Stlth   ++++......              (no ring)
HPRegen 0.09/turn               (no ring)
MPRegen 0.09/turn               (no ring)
                                (no ring)
                                (no ring)

@: no status effects
A: almost no armour, amphibious, 8 rings, camouflage 1, gelatinous body 1,
(nimble swimmer 1), tentacles
a: no special abilities


You were on level 2 of the Dungeon.
You visited 1 branch of the dungeon, and saw 2 of its levels.

You collected 66 gold pieces.

Inventory:

Hand Weapons
 a - a +2 dagger (weapon)
Missiles
 b - 2 poisoned darts (quivered)
 c - 3 curare-tipped darts
Armour
 l - a +2 tower shield
Magical Staves
 f - a staff of earth
Jewellery
 i - a +4 ring of evasion (left tentacle)
Scrolls
 d - a scroll of enchant weapon {unknown}
 h - 2 scrolls of identify {unknown}
 j - a scroll of immolation {unknown}
 k - a scroll of teleportation {unknown}
Potions
 e - a potion of invisibility {unknown}
 g - a potion of curing {unknown}
 m - a potion of heal wounds {unknown}
 n - 2 potions of resistance {unknown}


   Skills:
 - Level 2.1 Fighting
 + Level 2.8 Short Blades
 + Level 2.8 Throwing
 + Level 2.2 Dodging
 + Level 6.1 Stealth


You had 3 spell levels left.
You didn't know any spells.
Your spell library contained the following spells:

 Spells                   Type           Power      Damage    Failure   Level
 Gell's Gravitas          Tloc           0%         N/A       63%         3
 Lesser Beckoning         Tloc           0%         N/A       63%         3
 Teleport Other           Tloc           0%         N/A       63%         3


Dungeon Overview and Level Annotations

Branches:
Dungeon (2/15)

Altars:


Innate Abilities, Weirdness & Mutations

You cannot wear most types of armour.
You are amphibious.
You can wear up to eight rings at the same time.
Your skin changes colour to match your surroundings (Stealth+).
Your rubbery body absorbs attacks. (AC +1, EV +1)
((You are camouflaged when in or above water. (Stealth+)))
You have tentacles for arms and can constrict up to eight enemies at once.


Message History

You throw a poisoned dart. The poisoned dart hits the gnoll!
The gnoll is poisoned.
A gnoll comes into view. It is wielding a +0 spear.
Throw: 5 darts (poison)
Press: ? - help, Q - select action, (/) - cycle Shift-Dir - straight line, f - gnoll
Aim: a gnoll, wielding a +0 flail (lightly wounded, very poisoned, 63% to hit)
You throw a poisoned dart. The poisoned dart hits the gnoll.
The gnoll looks even sicker.
The gnoll is lightly wounded.
You closely miss the gnoll. Your grab misses the gnoll.
The gnoll is almost dead.
You kill the gnoll!
Things that are here:
a +0 dagger; a kobold corpse
There is a stone staircase leading down here.
Throw: 4 darts (poison)
Press: ? - help, Q - select action, (/) - cycle Shift-Dir - straight line, f - gnoll
Aim: a gnoll, wielding a +0 spear (63% to hit)
You throw a poisoned dart.
The poisoned dart closely misses the gnoll.
Unknown command.
Throw: 3 darts (poison)
Press: ? - help, Q - select action, (/) - cycle Shift-Dir - straight line, f/p - gnoll
Aim: a gnoll, wielding a +0 spear (63% to hit)
You throw a poisoned dart. The poisoned dart hits the gnoll.
The gnoll is poisoned.
The gnoll barely misses you. The gnoll misses you.
You hit the gnoll. Your grab misses the gnoll. You squeeze the gnoll.
The gnoll is heavily wounded.
The gnoll hits you with a +0 spear!
You closely miss the gnoll. Your grab misses the gnoll.
The gnoll is heavily wounded.
The gnoll hits you with a +0 whip. The gnoll misses you.
You completely miss the gnoll. Your grab misses the gnoll.
The gnoll is severely wounded.
The gnoll hits you with a +0 whip!
* * * LOW HITPOINT WARNING * * *
The gnoll hits you with a +0 spear!
You die...

........# ........#
........#
........########
...............#
.^..........####
........##...(.##
........######.g###
#.....#
......>.####
##g@.#####.....#
.....).....##
######.##.....#
............##
####........##
#............#
#............##
#...##.......#
#.............#
#..)##.......#
#.............#
....###...).##
#.............#
....###.....##
#......#.....##
.#.###.......#
##.........[..#


You could see 2 gnolls.

Vanquished Creatures
  4 adders (D:2)
  A gnoll (D:2)
  A dart slug (D:1)
  3 bats
  2 endoplasms (D:1)
  2 giant cockroaches
  2 goblins (D:1)
  5 hobgoblins
  6 jackals (D:1)
  9 kobolds
  A quokka (D:1)
  3 ball pythons
  3 frilled lizards (D:1)
  5 rats
47 creatures vanquished.

Notes
Turn   | Place    | Note
-------+----------+-------------------------------------------
     0 | D:1      | mopl the Octopode Brigand began the quest for the Orb.
     0 | D:1      | Reached XP level 1. HP: 14/14 MP: 1/1
    49 | D:1      | Reached XP level 2. HP: 12/19 MP: 2/2
   567 | D:1      | Reached XP level 3. HP: 22/24 MP: 3/3
   871 | D:1      | Found a faded altar of an unknown god.
  1081 | D:2      | Reached skill level 2 in Dodging
  1081 | D:2      | Reached XP level 4. HP: 29/29 MP: 4/4
  1106 | D:2      | Reached skill level 6 in Stealth
  1308 | D:2      | Slain by a gnoll

Illustrated notes

Levels and vault maps discovered:
D:1:      dpeg_arrival_stonehenge_8_columns, layout_loops_ring,
          hellmonk_ecumenical_altar_defaced_shrine,
          chequers_serial_rivers_micro_c, grunt_decor_clamped,
          wad_floor_pattern_1, st_stairs_14, palyth_stone_intersect
D:2:      layout_rooms, serial_shops, nicolae_diamond_shop, solitary_fountain

Skill      XL: |  1  2  3  4 |
---------------+-------------+-----
Dodging        | 2 |  2.2
Stealth        | 6 |  6.1
Fighting       | |  2.1
Short Blades   | |  2.8
Throwing       | |  2.8

Action                   |  1- 3 |  4- 6 || total
-------------------------+-------+-------++-------
Melee: Dagger            |    63 |    19 ||    82
       Constrict         |    18 |     5 ||    23
       Tentacles         |     9 |     4 ||    13
Throw: Dart              |       |     7 ||     7
 Stab: Sleeping          |    11 |     3 ||    14
Armor: Skin              |     3 |       ||     3
Dodge: Dodged            |    28 |    12 ||    40
